 Dungeon Crawl Stone Soup version 0.29.0-4-gdea44cf6ec (webtiles) character file.

Game seed: 3884302837811401597

3641 qw the Cleaver (level 10, -1/59 HPs)
             Began as a Tengu Warper on Aug 28, 2022.
             Was a Believer of Okawaru.
             Killed from afar by an electric eel (6 damage)
             ... with a bolt of electricity
             ... on level 9 of the Dungeon.
             The game lasted 00:00:54 (8518 turns).

qw the Cleaver (Tengu Warper)                       Turns: 8518, Time: 00:00:54

Health: -1/59      AC: 21    Str: 15    XL:     10   Next: 12%
Magic:  12/14      EV:  7    Int: 15    God:    Okawaru [**....]
Gold:   827        SH:  9    Dex: 13    Spells: 13/13 levels left

rFire   . . .      SeeInvis .   m - +6 hand axe "Niphauko" {vamp, rC+}
rCold   + . .      Faith    .   l - +0 kite shield
rNeg    . . .      Spirit   .   d - +0 plate armour
rPois   .          Reflect  .   (helmet restricted)
rElec   .          Harm     .   (no cloak)
rCorr   +          Rampage  .   h - +1 pair of gloves
Will    .....                   (boots unavailable)
Stlth   ..........              (no amulet)
HPRegen 0.19/turn               f - +4 ring of protection
MPRegen 0.14/turn               i - ring of resist corrosion

@: about to teleport, heroic, flying quickly and evasively, quick
A: beak, talons 3, nimble flight
a: Renounce Religion, Heroism


You were on level 9 of the Dungeon.
You worshipped Okawaru.
Okawaru was pleased with you.
You visited 1 branch of the dungeon, and saw 9 of its levels.

You collected 1463 gold pieces.
You spent 636 gold pieces at shops.


Innate Abilities, Weirdness & Mutations

You have a beak for a mouth.
You have claws for feet.
Your magical nature lets you fly swiftly and evasively.


   Skills:
 - Level 5.4(10.4) Fighting
 - Level 12.0(17.0) Axes
 - Level 1.0(6.0) Throwing
 - Level 6.2(11.2) Armour
 - Level 2.1(7.1) Dodging
 + Level 0.0(5.0) Shields
 - Level 2.0 Spellcasting
 - Level 2.4 Translocations
 - Level 4.2 Invocations


You had 13 spell levels left.
You didn't know any spells.
Your spell library contained the following spells:

 Spells                   Type           Power      Damage    Failure   Level
 Blink                    Tloc           16%        N/A       100%        2
 Gell's Gravitas          Tloc           8%         N/A       100%        3
 Lesser Beckoning         Tloc           8%         N/A       100%        3
 Teleport Other           Tloc           8%         N/A       100%        3
 Manifold Assault         Tloc           8%         N/A       100%        5

Inventory:

Hand Weapons
 m - the +6 hand axe "Niphauko" (weapon) {vamp, rC+}
   (You bought it in a shop on level 4 of the Dungeon)

   It occasionally heals its wielder for a portion of the damage dealt when it
   wounds a living foe.
   rC:        It protects you from cold.
 n - a +2 flail of venom
Missiles
 g - 3 boomerangs (quivered)
Armour
 d - a +0 plate armour (worn)
 h - a +1 pair of gloves (worn)
 l - a +0 kite shield (worn)
Jewellery
 f - a +4 ring of protection (left hand)
 i - a ring of resist corrosion (right hand)
Scrolls
 a - 4 scrolls of identify
Potions
 b - 2 potions of might
 c - 3 potions of curing
 e - a potion of haste
 k - a potion of heal wounds

Dungeon Overview and Level Annotations

Branches:
Dungeon (9/15)             Temple (0/1) D:6
   Lair: D:8-11         Orc: D:9-12

Altars:
Cheibriados
Makhleb
Nemelex Xobeh
Okawaru
Ru
Wu Jian

Shops:
D:4 (

Portals:
Abyss: D:3

Annotations:
D:3 2 transporters, qw's ghost, amateur TeWr
D:6 2 runed translucent doors


Message History

8512 ||| INVOKING Heroism.
You gain the combat prowess of a mighty hero.
The electric eel shoots out a bolt of lightning at you!
The bolt of electricity hits you.
You hear a bark!
A two-headed ogre and an electric eel come into view.
The wolf howls!
The two-headed ogre shouts in stereo!
The electric eel shoots out a bolt of lightning at you!
The bolt of electricity misses you.
You hear a bark!
You hear a howl! x2; You hear a bark!
You hear a shout!
An electric eel comes into view.
The electric eel shoots out a bolt of lightning at you!
The bolt of electricity hits you! The bolt of electricity hits you.
You hear a bark!
You hit the electric eel. Your kick misses the electric eel.
Your peck misses the electric eel.
The electric eel is moderately wounded.
The hound stops to sniff the ground.
The electric eel shoots out a bolt of lightning at you!
The bolt of electricity hits you. The bolt of electricity hits you!
The electric eel shoots out a bolt of lightning at you!
The bolt of electricity hits the electric eel.
The electric eel completely resists.
The bolt of electricity hits you!
The electric eel shoots out a bolt of lightning at you!
The bolt of electricity hits you but does no damage.
You hit the electric eel.
You feel better.
Your peck misses the electric eel.
The electric eel is heavily wounded.
The electric eel shoots out a bolt of lightning at you!
The bolt of electricity hits the electric eel.
The electric eel completely resists.
The bolt of electricity hits you!
The electric eel shoots out a bolt of lightning at you!
The bolt of electricity hits you. x2
You hear a bark!
You hear a howl!
8518 ||| READING scroll of teleportation.
As you read the scroll of teleportation, it crumbles to dust.
You feel strangely unstable.
The electric eel shoots out a bolt of lightning at you!
The bolt of electricity hits the electric eel.
The electric eel completely resists.
The bolt of electricity hits you.
You die...

#.~..~~~h...h..
....~~~Shhh.~..
.....~~~~~hhS~~
...~~~~~~~~~~~~
...~..~~~~~~~~~
..~.O~.~~~~~~~.
......~S~~~~~..
.......@# #######.# #.#
################.#######
.......<................
........................
........................
############.###########
#.#


You could see a two-headed ogre, 3 wolves, 4 hounds and 3 electric eels.

Vanquished Creatures
  A deep elf pyromancer (D:7)
  A troll (D:7)
  A wyvern (D:8)
  3 steam dragons
  3 water moccasins
  2 sky beasts
  A black bear (D:8)
  2 ogres
  2 centaurs (D:8)
  A kobold brigand (D:6)
  A phantom (D:5)
  2 bullfrogs (D:7)
  3 necrophages (D:5)
  4 scorpions (D:6)
  A howler monkey (D:7)
  3 hounds
  2 orc priests
  2 jellies
  A gnoll bouda (D:6)
  8 orc wizards
  5 iguanas
  7 gnolls
  6 adders
  2 shadow imps (D:5)
  2 ufetubi
  6 dart slugs
  24 orcs
  3 ball pythons
  12 endoplasms
  3 giant cockroaches
  7 goblins
  7 hobgoblins
  A quokka (D:1)
  3 bats
  8 frilled lizards
  12 kobolds
  7 rats
159 creatures vanquished.

Notes
Turn   | Place    | Note
-------+----------+-------------------------------------------
     0 | D:1      | qw the Tengu Warper began the quest for the Orb.
     0 | D:1      | Reached XP level 1. HP: 12/12 MP: 4/4
     0 | D:1      | 0 ||| qw: Version: 0.1-a-89-g26bdef1
     0 | D:1      | 0 ||| qw: Game counter: 1044
     0 | D:1      | 0 ||| qw: Always use a shield: true
     0 | D:1      | 0 ||| qw: God list: Okawaru
     0 | D:1      | 0 ||| qw: Allow faded altars: false
     0 | D:1      | 0 ||| qw: Do Orc after D:15 true
     0 | D:1      | 0 ||| qw: Do second Lair branch before Depths: true
     0 | D:1      | 0 ||| qw: Lair rune preference: random
     0 | D:1      | 0 ||| qw: Plans: Normal
     0 | D:1      | 0 ||| PLANNING D:1-11
   152 | D:1      | 152 ||| Stepping ~*~*~tactically~*~*~ (stealth).
   155 | D:1      | Reached XP level 2. HP: 17/17 MP: 6/6
   162 | D:1      | Reached skill level 3 in Axes
   661 | D:1      | 661 ||| Stepping ~*~*~tactically~*~*~ (stealth).
   664 | D:1      | 664 ||| Stepping ~*~*~tactically~*~*~ (stealth).
   666 | D:1      | 666 ||| Stepping ~*~*~tactically~*~*~ (stealth).
   788 | D:1      | Reached XP level 3. HP: 17/21 MP: 7/7
   836 | D:1      | 836 ||| DROPPING +0 club.
   838 | D:1      | 838 ||| Stepping ~*~*~tactically~*~*~ (hiding).
   994 | D:1      | 994 ||| UPGRADING to +0 ring mail.
  1004 | D:1      | 1004 ||| DROPPING +0 leather armour.
  1005 | D:1      | 1005 ||| UPGRADING to +4 ring of protection.
  1006 | D:1      | 1006 ||| READING 2 scrolls labelled XUGOASYSUN.
  1007 | D:1      | 1007 ||| READING scroll labelled XOYNUD ITTERPHU.
  1008 | D:1      | 1008 ||| DROPPING scroll of blinking.
  1039 | D:2      | 1039 ||| STAIRDANCE
  1048 | D:2      | Reached skill level 4 in Axes
  1087 | D:2      | 1087 ||| Stepping ~*~*~tactically~*~*~ (hiding).
  1311 | D:2      | 1311 ||| Stepping ~*~*~tactically~*~*~ (stealth).
  1319 | D:2      | 1319 ||| Stepping ~*~*~tactically~*~*~ (stealth).
  1320 | D:2      | 1320 ||| Stepping ~*~*~tactically~*~*~ (stealth).
  1354 | D:2      | 1354 ||| Stepping ~*~*~tactically~*~*~ (hiding).
  1394 | D:2      | Reached XP level 4. HP: 13/26 MP: 8/8
  1668 | D:2      | Found a faded altar of an unknown god.
  1703 | D:2      | 1703 ||| READING scroll labelled TEALOB FEOV.
  1704 | D:2      | 1704 ||| DRINKING 2 bubbling puce potions.
  1705 | D:2      | 1705 ||| READING 3 scrolls of identify.
  1705 | D:2      | 1705 ||| IDENTIFYING inky potion
  1706 | D:2      | 1706 ||| READING 2 scrolls of identify.
  1706 | D:2      | 1706 ||| IDENTIFYING smoky silvery potion
  1707 | D:2      | 1707 ||| DROPPING potion of brilliance.
  1794 | D:3      | Noticed an ancient zyme
  1795 | D:3      | Found a one-way gate to the infinite horrors of the Abyss.
  1796 | D:3      | Noticed qw's ghost (amateur TeWr)
  1806 | D:3      | Found a transporter.
  1825 | D:3      | Found a transporter.
  1991 | D:3      | 1991 ||| Stepping ~*~*~tactically~*~*~ (stealth).
  1994 | D:3      | 1994 ||| Stepping ~*~*~tactically~*~*~ (stealth).
  2013 | D:3      | 2013 ||| Stepping ~*~*~tactically~*~*~ (stealth).
  2087 | D:3      | Reached skill level 5 in Axes
  2156 | D:3      | 2156 ||| DRINKING potion of curing.
  2156 | D:3      | 2156 ||| (to cure confusion)
  2352 | D:3      | 2352 ||| SWAPPING to +0 war axe.
  2353 | D:3      | 2353 ||| DROPPING +0 hand axe.
  2376 | D:3      | Gained mutation: Your magical nature lets you fly swiftly
                  | and evasively. [Tengu growth]
  2376 | D:3      | Reached XP level 5. HP: 18/30 MP: 9/9
  2811 | D:3      | 2811 ||| UPGRADING to +0 chain mail.
  2821 | D:3      | 2821 ||| DROPPING +0 ring mail.
  2822 | D:3      | 2822 ||| DROPPING ring of flight.
  2823 | D:3      | 2823 ||| READING scroll labelled ETTIN KIURR.
  2823 | D:3      | Identified a scroll of acquirement
  2823 | D:3      | 2823 ||| ACQUIRING 1061 gold pieces
  2823 | D:3      | Acquired 1061 gold pieces
  2825 | D:3      | 2825 ||| READING scroll labelled PUNUNIQOCS.
  3098 | D:4      | Reached skill level 6 in Axes
  3379 | D:4      | 3379 ||| Stepping ~*~*~tactically~*~*~ (hiding).
  3496 | D:4      | 3496 ||| Stepping ~*~*~tactically~*~*~ (stealth).
  3682 | D:4      | Reached XP level 6. HP: 26/35 MP: 10/10
  3917 | D:4      | Found Teupe's Weapon Emporium.
  3924 | D:4      | 3924 ||| BUYING +6 hand axe "Niphauko" {vamp, rC+} (636
                  | gold).
  3924 | D:4      | Bought the +6 hand axe "Niphauko" {vamp, rC+} for 636 gold
                  | pieces
  3924 | D:4      | 3924 ||| SWAPPING to +6 hand axe "Niphauko" {vamp, rC+}.
  3925 | D:4      | 3925 ||| DROPPING +0 war axe.
  4038 | D:4      | 4038 ||| DROPPING orb of guile.
  4039 | D:4      | 4039 ||| READING 3 scrolls labelled YPHIRO PIEWIRU.
  4040 | D:4      | 4040 ||| DRINKING 2 bubbling silvery potions.
  4041 | D:4      | 4041 ||| DRINKING 2 orange potions.
  4042 | D:4      | 4042 ||| READING 4 scrolls of identify.
  4042 | D:4      | 4042 ||| IDENTIFYING coppery potion
  4043 | D:4      | 4043 ||| READING 3 scrolls of identify.
  4043 | D:4      | 4043 ||| IDENTIFYING murky golden potion
  4044 | D:4      | 4044 ||| DROPPING potion of lignification.
  4045 | D:4      | 4045 ||| DROPPING potion of flight.
  4046 | D:4      | 4046 ||| DROPPING 2 scrolls of vulnerability.
  4087 | D:5      | Entered Level 5 of the Dungeon
  4168 | D:5      | Reached skill level 7 in Axes
  4302 | D:5      | 4302 ||| Stepping ~*~*~tactically~*~*~ (stealth).
  4304 | D:5      | 4304 ||| Stepping ~*~*~tactically~*~*~ (stealth).
  4383 | D:5      | Identified the +2 ring mail "Zuxy" {-Tele rN+ Str+4 Dex+3}
  4846 | D:5      | Reached skill level 3 in Fighting
  4846 | D:5      | Reached XP level 7. HP: 41/41 MP: 11/11
  4894 | D:5      | Reached skill level 8 in Axes
  5129 | D:5      | HP: 7/41 [shadow imp (4)]
  5130 | D:5      | 5130 ||| READING 2 scrolls of teleportation.
  5131 | D:5      | 5131 ||| DRINKING potion of heal wounds.
  5133 | D:5      | Reached skill level 9 in Axes
  5133 | D:5      | Found a burning altar of Makhleb.
  5133 | D:5      | Found an iron altar of Okawaru.
  5133 | D:5      | Found a sparkling altar of Nemelex Xobeh.
  5133 | D:5      | Found a snail-covered altar of Cheibriados.
  5134 | D:5      | 5134 ||| FLEEEEING.
  5135 | D:5      | 5135 ||| FLEEEEING.
  5136 | D:5      | 5136 ||| FLEEEEING.
  5137 | D:5      | 5137 ||| FLEEEEING.
  5138 | D:5      | 5138 ||| FLEEEEING.
  5139 | D:5      | 5139 ||| FLEEEEING.
  5140 | D:5      | 5140 ||| FLEEEEING.
  5141 | D:5      | 5141 ||| FLEEEEING.
  5142 | D:5      | 5142 ||| FLEEEEING.
  5143 | D:5      | 5143 ||| FLEEEEING.
  5144 | D:5      | 5144 ||| FLEEEEING.
  5145 | D:5      | 5145 ||| FLEEEEING.
  5146 | D:5      | 5146 ||| FLEEEEING.
  5147 | D:5      | 5147 ||| FLEEEEING.
  5150 | D:5      | 5150 ||| FLEEEEING.
  5151 | D:5      | 5151 ||| FLEEEEING.
  5152 | D:5      | 5152 ||| FLEEEEING.
  5153 | D:5      | 5153 ||| FLEEEEING.
  5154 | D:5      | 5154 ||| FLEEEEING.
  5155 | D:5      | 5155 ||| FLEEEEING.
  5156 | D:5      | 5156 ||| FLEEEEING.
  5157 | D:5      | 5157 ||| FLEEEEING.
  5158 | D:5      | 5158 ||| FLEEEEING.
  5159 | D:5      | 5159 ||| FLEEEEING.
  5160 | D:5      | 5160 ||| FLEEEEING.
  5161 | D:5      | 5161 ||| FLEEEEING.
  5162 | D:5      | 5162 ||| FLEEEEING.
  5163 | D:5      | 5163 ||| FLEEEEING.
  5164 | D:5      | 5164 ||| FLEEEEING.
  5165 | D:5      | 5165 ||| FLEEEEING.
  5166 | D:5      | 5166 ||| FLEEEEING.
  5167 | D:5      | 5167 ||| FLEEEEING.
  5168 | D:5      | 5168 ||| FLEEEEING.
  5169 | D:5      | 5169 ||| STAIRDANCE
  5259 | D:4      | 5259 ||| DROPPING +2 ring mail "Zuxy" {-Tele rN+ Str+4
                  | Dex+3}.
  5260 | D:4      | 5260 ||| UPGRADING to +3 chain mail.
  5270 | D:4      | 5270 ||| DROPPING +0 chain mail.
  5271 | D:4      | 5271 ||| DRINKING 2 white potions.
  5272 | D:4      | 5272 ||| DROPPING potion of attraction.
  5283 | D:5      | Reached XP level 8. HP: 46/46 MP: 12/12
  5287 | D:5      | Reached skill level 3 in Armour
  5287 | D:5      | 5287 ||| STAIRDANCE
  5382 | D:5      | 5382 ||| DROPPING +0 whip.
  5383 | D:5      | Became a worshipper of Warmaster Okawaru
  5615 | D:6      | Found a staircase to the Ecumenical Temple.
  5727 | D:6      | 5727 ||| READING scroll of teleportation.
  5869 | D:6      | 5869 ||| Stepping ~*~*~tactically~*~*~ (stealth).
  5872 | D:6      | 5872 ||| Stepping ~*~*~tactically~*~*~ (stealth).
  5875 | D:6      | 5875 ||| Stepping ~*~*~tactically~*~*~ (stealth).
  5997 | D:6      | Found a large runed translucent door.
  5999 | D:6      | Found a large runed translucent door.
  6148 | D:6      | 6148 ||| Stepping ~*~*~tactically~*~*~ (stealth).
  6149 | D:6      | 6149 ||| Stepping ~*~*~tactically~*~*~ (stealth).
  6191 | D:6      | 6191 ||| Stepping ~*~*~tactically~*~*~ (stealth).
  6195 | D:6      | 6195 ||| UPGRADING to +1 pair of gloves.
  6211 | D:6      | 6211 ||| Stepping randomly (stuck).
  6223 | D:6      | 6223 ||| Stepping randomly (stuck).
  6224 | D:6      | 6224 ||| Stepping randomly (stuck).
  6225 | D:6      | 6225 ||| Stepping randomly (stuck).
  6226 | D:6      | 6226 ||| Stepping randomly (stuck).
  6240 | D:6      | Reached * piety under Okawaru
  6241 | D:6      | Reached skill level 10 in Axes
  6394 | D:6      | 6394 ||| Stepping ~*~*~tactically~*~*~ (hiding).
  6397 | D:6      | 6397 ||| INVOKING Heroism.
  6545 | D:6      | Reached skill level 1 in Invocations
  6649 | D:6      | 6649 ||| READING scroll labelled UNYOPP GANNIOJ.
  6650 | D:6      | 6650 ||| Stepping randomly (stuck).
  6651 | D:6      | 6651 ||| Stepping ~*~*~tactically~*~*~ (stealth).
  6894 | D:7      | Reached XP level 9. HP: 51/53 MP: 13/13
  6919 | D:7      | 6919 ||| INVOKING Heroism.
  6938 | D:7      | 6938 ||| INVOKING Heroism.
  6945 | D:7      | Reached skill level 3 in Invocations
  7056 | D:7      | Found an ornate altar of the Wu Jian Council.
  7144 | D:7      | 7144 ||| Stepping ~*~*~tactically~*~*~ (stealth).
  7147 | D:7      | 7147 ||| INVOKING Heroism.
  7167 | D:7      | 7167 ||| DROPPING +0 flail.
  7359 | D:7      | Noticed a troll
  7360 | D:7      | 7360 ||| INVOKING Heroism.
  7370 | D:7      | Killed a troll
  7436 | D:7      | Noticed a deep elf pyromancer
  7442 | D:7      | Killed a deep elf pyromancer
  7442 | D:7      | Reached ** piety under Okawaru
  7443 | D:7      | Reached skill level 11 in Axes
  7510 | D:7      | 7510 ||| UPGRADING to +0 plate armour.
  7520 | D:7      | 7520 ||| DROPPING +3 chain mail.
  7521 | D:7      | 7521 ||| READING scroll labelled ZATOENO LOETHRI.
  7522 | D:7      | 7522 ||| READING scroll labelled JUGOYPL UFEILO.
  7587 | D:8      | 7587 ||| Stepping ~*~*~tactically~*~*~ (cloud).
  7589 | D:8      | 7589 ||| INVOKING Heroism.
  7600 | D:8      | 7600 ||| Stepping ~*~*~tactically~*~*~ (cloud).
  7950 | D:8      | Reached XP level 10. HP: 59/59 MP: 14/14
  7951 | D:8      | 7951 ||| Stepping ~*~*~tactically~*~*~ (hiding).
  7960 | D:8      | Reached skill level 12 in Axes
  7979 | D:8      | Found a sacrificial altar of Ru.
  7988 | D:8      | 7988 ||| Stepping ~*~*~tactically~*~*~ (cloud).
  7989 | D:8      | 7989 ||| INVOKING Heroism.
  8154 | D:8      | Reached skill level 6 in Armour
  8466 | D:8      | 8466 ||| UPGRADING to +0 kite shield.
  8471 | D:8      | 8471 ||| UPGRADING to ring of resist corrosion.
  8512 | D:9      | 8512 ||| INVOKING Heroism.
  8514 | D:9      | Noticed a two-headed ogre
  8517 | D:9      | HP: 12/59 [electric eel/bolt of electricity (7)]
  8517 | D:9      | HP: 5/59 [electric eel/bolt of electricity (1)]
  8518 | D:9      | 8518 ||| READING scroll of teleportation.
  8518 | D:9      | Killed from afar by an electric eel

Levels and vault maps discovered:
D:1:      dpeg_arrival_rhombus, layout_basic
D:2:      layout_rooms, basic_ecumenical_altar
D:3:      layout_basic, gammafunk_ghost_abyssal_escape
D:4:      layout_cave_pools, serial_shops, nicolae_shop_bloodbath_and_beyond,
          nicolae_hexahallways
D:5:      layout_basic, grunt_temple_overflow_open
D:6:      layout_rooms, jmf_multi_god_temple2, minmay_temple_entry_mist,
          chequers_serial_rivers_micro_d, nicolae_eternal_life,
          minmay_misc_feat_five, grunt_tough_drop
D:7:      layout_rooms, nicolae_wu_jian_wuxing_cycle, guppyfry_early_elven_hall
D:8:      layout_loops_ring, mainiacjoe_overflow_surrounded_room,
          minmay_hedge_maze, minmay_strange_pillars, kennysheep_generic_room_11
D:9:      layout_long_grid, erik_lair_island, enter_bailey_2

Skill      XL: |  1  2  3  4  5  6  7  8  9 10 |
---------------+-------------------------------+-----
Axes           | 3 4 5 6 7 9 10 11 12 | 12.0
Armour         | 2 4 5 6 |  6.2
Fighting       | 3 4 5 |  5.4
Invocations    | 2 4 |  4.2
Throwing       | |  1.0
Dodging        | |  2.1
Spellcasting   | |  2.0
Translocations | |  2.4

Action                   |  1- 3 |  4- 6 |  7- 9 | 10-12 || total
-------------------------+-------+-------+-------+-------++-------
Melee: Hand axe          |    93 |    95 |   235 |    20 ||   443
       Peck              |    18 |    25 |    30 |     4 ||    77
       Kick              |    24 |    43 |    66 |     6 ||   139
       War axe           |       |    55 |       |       ||    55
       Punch             |       |     3 |     5 |       ||     8
Throw: Boomerang         |     7 |     5 |    39 |     3 ||    54
Invok: Heroism           |       |       |     6 |     2 ||     8
  Use: Scroll            |     2 |     8 |     5 |     1 ||    16
       Potion            |       |     4 |     2 |       ||     6
Armor: Leather armour    |    13 |       |       |       ||    13
       Ring mail         |    17 |    26 |       |       ||    43
       Chain mail        |       |    29 |   108 |       ||   137
       Plate armour      |       |       |    14 |    22 ||    36
Dodge: Dodged            |    50 |    44 |    67 |    14 ||   175

Table legend:
 A = Non-vault XP
 B = Vault XP
 C = Vault XP percentage of total XP
 D = Non-vault monster count
 E = Vault monster count
 F = Vault count percentage of total count
                 A         B        C        D         E       F
            +---------+---------+-------+---------+---------+-------
      Total |    4335 |     867 |  16.7 |     153 |       6 |   3.8
            +---------+---------+-------+---------+---------+-------
        D:1 |      43 |       0 |   0.0 |      24 |       0 |   0.0
        D:2 |      51 |       0 |   0.0 |      21 |       0 |   0.0
        D:3 |      85 |       0 |   0.0 |      14 |       0 |   0.0
        D:4 |     152 |       0 |   0.0 |      19 |       0 |   0.0
        D:5 |     976 |       0 |   0.0 |      23 |       0 |   0.0
        D:6 |     762 |     272 |  26.3 |      29 |       5 |  14.7
        D:7 |    1221 |     595 |  32.8 |      16 |       1 |   5.9
        D:8 |    1045 |       0 |   0.0 |       7 |       0 |   0.0
            +---------+---------+-------+---------+---------+-------
